TOP OF THE 1ST |
Gwinnett County Black Cats batting - Pitching for Hammond Herons : LHP Tom Hegedus
|
Pitching: LHP Tom Hegedus
|
|
Batting: RHB Luc Bartoli
|
0-0: Ball 1-0: Ball 2-0: Fly out, F3 (Popup, 23F)
|
Batting: RHB Chang-lit Min
|
0-0: Ball 1-0: Ball 2-0: Called Strike 2-1: Swinging Strike 2-2: Ball 3-2: Foul Ball, location: 2F 3-2: Strikes out looking
|
Batting: RHB Sidney Mackell
|
0-0: Called Strike 0-1: Ball 1-1: Swinging Strike 1-2: Ball 2-2: Strikes out swinging
|
Top of the 1st over - 0 runs, 0 hits, 0 errors, 0 left on base; Gwinnett County 0 - Hammond 0 |
BOTTOM OF THE 1ST |
Hammond Herons batting - Pitching for Gwinnett County Black Cats : LHP Unto Leino
|
Pitching: LHP Unto Leino
|
|
Batting: LHB Marcos Costa
|
0-0: Ball 1-0: Foul Ball, location: 2F 1-1: Called Strike 1-2: Ball 2-2: Foul Ball, location: 2F 2-2: Ball 3-2: Fly out, F7 (Flyball, 7LMF)
|
Batting: RHB Guillermo Montepeque
|
0-0: Ground out 6-3 (Groundball, 6)
|
Batting: RHB Norm Freshwater
|
0-0: Ball 1-0: Called Strike 1-1: Called Strike 1-2: Ball 2-2: Fly out, F9 (Flyball, 9)
|
Bottom of the 1st over - 0 runs, 0 hits, 0 errors, 0 left on base; Gwinnett County 0 - Hammond 0 |
TOP OF THE 2ND |
Gwinnett County Black Cats batting - Pitching for Hammond Herons : LHP Tom Hegedus
|
Batting: RHB Rikky van Opel
|
0-0: Ball 1-0: Ball 2-0: Ball 3-0: Called Strike 3-1: SINGLE (Groundball, 4MD)
|
Batting: RHB Kauna Aleferede
|
0-0: Fly out, F8 (Flyball, 8RS)
|
Batting: RHB Bill Wilson
|
0-0: Foul Ball, location: 2F 0-1: Foul Ball, location: 2F 0-2: Ball 1-2: Ball 2-2: Foul Ball, location: 2F 2-2: Strikes out swinging
|
Batting: LHB Marvello Obra
|
0-0: Ball 1-0: Foul Ball, location: 2F 1-1: Foul Ball, location: 2F 1-2: Fly out, F6 (Line Drive, 6M)
|
Top of the 2nd over - 0 runs, 1 hit, 0 errors, 1 left on base; Gwinnett County 0 - Hammond 0 |
BOTTOM OF THE 2ND |
Hammond Herons batting - Pitching for Gwinnett County Black Cats : LHP Unto Leino
|
Batting: LHB Shigenobu Ohayashi
|
0-0: Fly out, F9 (Flyball, 89M)
|
Batting: RHB Landon Edwards
|
0-0: Called Strike 0-1: DOUBLE (Line Drive, 89D)
|
Batting: LHB Raymond Dudzinski
|
0-0: Ball 1-0: SINGLE (Flyball, 78S) Landon Edwards to third
|
Batting: RHB Cody Blackburn
|
0-0: Hit by Pitch Raymond Dudzinski to second
|
Batting: RHB Spartak Gonjarov
|
0-0: SINGLE (Line Drive, 4M) Landon Edwards scores Raymond Dudzinski to third Cody Blackburn to second Runner from 3rd tries for Home, SAFE, no throw
|
Batting: RHB Sean Sherman
|
0-0: Ball 1-0: Ball 2-0: Grounds into double play, 5-4-3 (Groundball, 56)
|
Bottom of the 2nd over - 2 runs, 3 hits, 0 errors, 1 left on base; Gwinnett County 0 - Hammond 2 |
TOP OF THE 3RD |
Gwinnett County Black Cats batting - Pitching for Hammond Herons : LHP Tom Hegedus
|
Batting: RHB José García
|
0-0: Ball 1-0: Called Strike 1-1: Ground out 1-3 (Groundball, 15)
|
Batting: RHB Elder Sarrano
|
0-0: Called Strike 0-1: Ball 1-1: Called Strike 1-2: Strikes out swinging
|
Batting: RHB Luc Bartoli
|
0-0: Ball 1-0: Foul Ball, location: 2F 1-1: Called Strike 1-2: Foul Ball, location: 2F 1-2: Strikes out swinging
|
Top of the 3rd over - 0 runs, 0 hits, 0 errors, 0 left on base; Gwinnett County 0 - Hammond 2 |
BOTTOM OF THE 3RD |
Hammond Herons batting - Pitching for Gwinnett County Black Cats : LHP Unto Leino
|
Batting: LHB Marcos Costa
|
0-0: Foul Ball, location: 2F 0-1: Ball 1-1: Ball 2-1: Ball 3-1: Foul Ball, location: 2F 3-2: Base on Balls
|
Batting: RHB Guillermo Montepeque
|
0-0: Ball 1-0: Called Strike 1-1: Grounds into double play, 6-4-3 (Groundball, 56)
|
Batting: RHB Norm Freshwater
|
0-0: Ball 1-0: Swinging Strike 1-1: Foul Ball, location: 2F 1-2: Ground out 1-3 (Groundball, P)
|
Bottom of the 3rd over - 0 runs, 0 hits, 0 errors, 0 left on base; Gwinnett County 0 - Hammond 2 |
TOP OF THE 4TH |
Gwinnett County Black Cats batting - Pitching for Hammond Herons : LHP Tom Hegedus
|
Batting: RHB Chang-lit Min
|
0-0: Ball 1-0: Swinging Strike 1-1: Ball 2-1: Ball 3-1: Ground out 6-3 (Groundball, 56D)
|
Batting: RHB Sidney Mackell
|
0-0: Called Strike 0-1: Foul Ball, location: 2F 0-2: Foul Ball, location: 2F 0-2: Ball 1-2: Foul Ball, location: 2F 1-2: Ball 2-2: Foul Ball, location: 2F 2-2: Ball 3-2: SINGLE (Line Drive, 89S)
|
Batting: RHB Rikky van Opel
|
0-0: Ball 1-0: Called Strike 1-1: Ground out 5-3 (Groundball, 56S) Sidney Mackell to second
|
Batting: RHB Kauna Aleferede
|
0-0: Called Strike 0-1: Foul Ball, location: 2F 0-2: Foul Ball, location: 2F 0-2: Fly out, F8 (Flyball, 8RM)
|
Top of the 4th over - 0 runs, 1 hit, 0 errors, 1 left on base; Gwinnett County 0 - Hammond 2 |
BOTTOM OF THE 4TH |
Hammond Herons batting - Pitching for Gwinnett County Black Cats : RHP Javier Rivera
|
Pitching: RHP Javier Rivera
|
|
Batting: LHB Shigenobu Ohayashi
|
0-0: Called Strike 0-1: Swinging Strike 0-2: DOUBLE (Line Drive, 89D)
|
Batting: RHB Landon Edwards
|
0-0: Swinging Strike 0-1: Swinging Strike 0-2: Fly out, F5 (Line Drive, 5)
|
Batting: LHB Raymond Dudzinski
|
0-0: Ball 1-0: Fly out, F9 (Flyball, 9D) Runner from 2nd tags up, SAFE at 3rd, no throw
|
Batting: RHB Cody Blackburn
|
0-0: Ball 1-0: Called Strike 1-1: Swinging Strike 1-2: Strikes out swinging
|
Bottom of the 4th over - 0 runs, 1 hit, 0 errors, 1 left on base; Gwinnett County 0 - Hammond 2 |
TOP OF THE 5TH |
Gwinnett County Black Cats batting - Pitching for Hammond Herons : LHP Tom Hegedus
|
Batting: RHB Bill Wilson
|
0-0: Ball 1-0: Ball 2-0: Foul Ball, location: 2F 2-1: Ball 3-1: Foul Ball, location: 2F 3-2: Strikes out looking
|
Batting: LHB Marvello Obra
|
0-0: Called Strike 0-1: Fly out, F5 (Popup, 56S)
|
Batting: RHB José García
|
0-0: Called Strike 0-1: Ground out 6-3 (Groundball, 6)
|
Top of the 5th over - 0 runs, 0 hits, 0 errors, 0 left on base; Gwinnett County 0 - Hammond 2 |
BOTTOM OF THE 5TH |
Hammond Herons batting - Pitching for Gwinnett County Black Cats : RHP Javier Rivera
|
Batting: RHB Spartak Gonjarov
|
0-0: Ball 1-0: Called Strike 1-1: Foul Ball, location: 2F 1-2: Ball 2-2: Ball 3-2: Strikes out swinging
|
Batting: RHB Sean Sherman
|
0-0: Ball 1-0: Fly out, F7 (Line Drive, 7S)
|
Pitching: RHP José Quintero
|
|
Batting: LHB Marcos Costa
|
0-0: Called Strike 0-1: Foul Ball, location: 2F 0-2: Ball 1-2: Strikes out swinging
|
Bottom of the 5th over - 0 runs, 0 hits, 0 errors, 0 left on base; Gwinnett County 0 - Hammond 2 |
TOP OF THE 6TH |
Gwinnett County Black Cats batting - Pitching for Hammond Herons : LHP Tom Hegedus
|
Batting: RHB Elder Sarrano
|
0-0: Ball 1-0: Ball 2-0: Ball 3-0: Called Strike 3-1: Base on Balls
|
Batting: RHB Luc Bartoli
|
0-0: Fielders Choice at 2nd, 6-4 (Groundball, 6D)
|
Batting: RHB Chang-lit Min
|
0-0: Ball 1-0: Ball 2-0: Swinging Strike 2-1: Foul Ball, location: 2F 2-2: Foul Ball, location: 2F 2-2: Foul Ball, location: 2F 2-2: Ball 3-2: Foul Ball, location: 2F 3-2: Grounds into double play, 6-4-3 (Groundball, 6)
|
Top of the 6th over - 0 runs, 0 hits, 0 errors, 0 left on base; Gwinnett County 0 - Hammond 2 |
BOTTOM OF THE 6TH |
Hammond Herons batting - Pitching for Gwinnett County Black Cats : RHP José Quintero
|
Batting: RHB Guillermo Montepeque
|
0-0: Ball 1-0: SINGLE (Groundball, 4MD)
|
Batting: RHB Norm Freshwater
|
0-0: Called Strike 0-1: Foul Ball, location: 2F 0-2: Ball 1-2: Foul Ball, location: 2F 1-2: Ball 2-2: Fly out, F8 (Flyball, 8RD)
|
Batting: LHB Shigenobu Ohayashi
|
0-0: Ball 1-0: Foul Ball, location: 2F 1-1: Ball 2-1: Called Strike Guillermo Montepeque steals 2nd base 2-2: Foul Ball, location: 2F 2-2: Ground out U3 (Groundball, 3) Guillermo Montepeque to third
|
Batting: RHB Landon Edwards
|
0-0: Ball 1-0: Called Strike 1-1: Swinging Strike 1-2: Foul Ball, location: 2F 1-2: Ball 2-2: Ground out 5-3 (Groundball, 56S)
|
Bottom of the 6th over - 0 runs, 1 hit, 0 errors, 1 left on base; Gwinnett County 0 - Hammond 2 |
TOP OF THE 7TH |
Gwinnett County Black Cats batting - Pitching for Hammond Herons : LHP Tom Hegedus
|
Batting: RHB Sidney Mackell
|
0-0: Foul Ball, location: 2F 0-1: Ball 1-1: Foul Ball, location: 2F 1-2: Ball 2-2: Ball 3-2: Foul Ball, location: 2F 3-2: Fly out, F4 (Popup, 4MD)
|
Batting: RHB Rikky van Opel
|
0-0: Ball 1-0: Swinging Strike 1-1: Swinging Strike 1-2: Ball 2-2: Ball 3-2: Foul Ball, location: 2F 3-2: Base on Balls
|
Batting: RHB Kauna Aleferede
|
0-0: Swinging Strike 0-1: Ball 1-1: SINGLE (Groundball, 6MD) Rikky van Opel to second
|
Pitching: RHP Aaron Houchens
|
|
Batting: RHB Bill Wilson
|
0-0: Called Strike 0-1: SINGLE (Flyball, 7LS) Rikky van Opel to third Kauna Aleferede to second Runner from 3rd tries for Home, SAFE, throw made home
|
Pinch Hitting: LHB Víctor Sánchez
|
0-0: Swinging Strike 0-1: Called Strike 0-2: Strikes out swinging
|
Batting: RHB José García
|
0-0: Called Strike 0-1: Ball 1-1: Called Strike 1-2: Strikes out looking
|
Top of the 7th over - 1 run, 2 hits, 0 errors, 2 left on base; Gwinnett County 1 - Hammond 2 |
BOTTOM OF THE 7TH |
Hammond Herons batting - Pitching for Gwinnett County Black Cats : RHP José Quintero
|
Now at 1B: Ramón Vega
|
|
Batting: LHB Raymond Dudzinski
|
0-0: Called Strike 0-1: Hit by Pitch
|
Batting: RHB Cody Blackburn
|
0-0: Called Strike 0-1: Called Strike 0-2: Foul Ball, location: 2F 0-2: Strikes out swinging
|
Batting: RHB Spartak Gonjarov
|
0-0: SINGLE (Line Drive, 7LS) Raymond Dudzinski to second
|
Batting: RHB Sean Sherman
|
0-0: Ball 1-0: Fielders Choice at 2nd, 6-4 (Groundball, 6) Raymond Dudzinski to third
|
Batting: LHB Marcos Costa
|
0-0: Foul Ball, location: 2F 0-1: Fly out, F3 (Popup, 4S)
|
Bottom of the 7th over - 0 runs, 1 hit, 0 errors, 2 left on base; Gwinnett County 1 - Hammond 2 |
TOP OF THE 8TH |
Gwinnett County Black Cats batting - Pitching for Hammond Herons : RHP Aaron Houchens
|
Batting: RHB Elder Sarrano
|
0-0: Ball 1-0: Called Strike 1-1: Foul Ball, location: 2F 1-2: Strikes out swinging
|
Batting: RHB Luc Bartoli
|
0-0: Ball 1-0: Called Strike 1-1: Foul Ball, location: 2F 1-2: Ball 2-2: SINGLE (Line Drive, 3D)
|
Batting: RHB Chang-lit Min
|
0-0: Called Strike 0-1: Ball 1-1: Called Strike 1-2: Strikes out swinging
|
Batting: RHB Sidney Mackell
|
0-0: Called Strike 0-1: Ball 1-1: Called Strike 1-2: Ball 2-2: Foul Ball, location: 2F 2-2: SINGLE (Flyball, 89S) Luc Bartoli to second Runner from 2nd tries for 3rd, SAFE, throw made to third
|
Batting: RHB Rikky van Opel
|
0-0: Foul Ball, location: 2F 0-1: Ball 1-1: Ball 2-1: Swinging Strike 2-2: Foul Ball, location: 2F 2-2: Ball 3-2: Fly out, F9 (Flyball, 9D)
|
Top of the 8th over - 0 runs, 2 hits, 0 errors, 2 left on base; Gwinnett County 1 - Hammond 2 |
BOTTOM OF THE 8TH |
Hammond Herons batting - Pitching for Gwinnett County Black Cats : RHP José Quintero
|
Batting: RHB Guillermo Montepeque
|
0-0: Ball 1-0: Ball 2-0: Ball 3-0: Base on Balls
|
Batting: RHB Norm Freshwater
|
0-0: Swinging Strike 0-1: Ball 1-1: Swinging Strike 1-2: Strikes out swinging
|
Batting: LHB Shigenobu Ohayashi
|
0-0: Ball 1-0: Ball 2-0: Ball 3-0: Base on Balls Guillermo Montepeque to second
|
Batting: RHB Landon Edwards
|
0-0: Ball 1-0: Called Strike 1-1: Swinging Strike 1-2: Strikes out swinging
|
Batting: LHB Raymond Dudzinski
|
0-0: Ball 1-0: Fly out, F8 (Flyball, 8RM)
|
Bottom of the 8th over - 0 runs, 0 hits, 0 errors, 2 left on base; Gwinnett County 1 - Hammond 2 |
TOP OF THE 9TH |
Gwinnett County Black Cats batting - Pitching for Hammond Herons : RHP Aaron Houchens
|
Pitching: RHP Bob Christison
|
|
Batting: RHB Kauna Aleferede
|
0-0: Called Strike 0-1: Called Strike 0-2: Ball 1-2: Ground out 4-3 (Groundball, 4S)
|
Batting: RHB Bill Wilson
|
0-0: Swinging Strike 0-1: Foul Ball, location: 2F 0-2: Foul Ball, location: 2F 0-2: Ball 1-2: Ball 2-2: Foul Ball, location: 2F 2-2: Strikes out swinging
|
Batting: LHB Ramón Vega
|
0-0: Called Strike 0-1: Swinging Strike 0-2: Ball 1-2: Ball 2-2: Ball 3-2: Fly out, F8 (Flyball, 78D)
|
Top of the 9th over - 0 runs, 0 hits, 0 errors, 0 left on base; Gwinnett County 1 - Hammond 2 |
|